 Dungeon Crawl Stone Soup version 0.18-a0-1702-gd20c6a5 (webtiles) character file.

69 Ijustatesigmund the Sneak (level 4, 0/31 HPs)
             Began as an Octopode Assassin on Apr 7, 2016.
             Killed from afar by Natasha (3 damage)
             ... with a magic dart
             ... on level 2 of the Dungeon.
             The game lasted 00:02:54 (1060 turns).

Ijustatesigmund the Sneak (Octopode Assassin)       Turns: 1060, Time: 00:02:55

Health: 0/31       AC:  1    Str: 10    XL:     4   Next: 20%
Magic:  4/4        EV: 12    Int: 18    God:
Gold:   74         SH:  0    Dex: 14    Spells: 0 memorised, 3 levels left

rFire  . . .     SeeInvis .     a - +3 dagger
rCold  . . .     Gourm    .     (no shield)
rNeg   . . .     Faith    .     (helmet restricted)
rPois  .         Spirit   .     (no amulet)
rElec  .         Dismiss  .     g - ring of wizardry
rCorr  .         Reflect  .     (no ring)
SustAt .         Harm     .     (no ring)
MR     .....                    (no ring)
Stlth  ++++......               (no ring)
                                (no ring)
                                (no ring)
                                (no ring)

@: brilliant, not resistant to hostile enchantments, stealthy
A: almost no armour, amphibious, 8 rings, constrict 8, camouflage 1, gelatinous
body 1
a: no special abilities


You were on level 2 of the Dungeon.
You were not hungry.

You visited 1 branch of the dungeon, and saw 2 of its levels.

You collected 74 gold pieces.

Inventory:

Hand Weapons
 a - a +3 dagger (weapon)
 b - a +0 blowgun
Missiles
 c - 8 poisoned needles
 d - 2 curare-tipped needles
Jewellery
 g - a ring of wizardry (left tentacle)
Scrolls
 j - a scroll of blinking {unknown}
 m - a scroll of remove curse
 n - a scroll of random uselessness {unknown}
Potions
 e - a potion of resistance
Comestibles
 f - a bread ration
 l - a fruit


   Skills:
 + Level 3.5 Fighting
 + Level 3.2 Short Blades
 - Level 2.0 Throwing
 - Level 1.0 Dodging
 - Level 5.3 Stealth


You had 3 spell levels left.
You didn't know any spells.

Dungeon Overview and Level Annotations

Branches:
Dungeon (2/15)

Altars:

Annotations:
D:2 Natasha, Terence


Innate Abilities, Weirdness & Mutations

You cannot wear most types of armour.
You are amphibious.
You can wear up to eight rings at the same time.
You can use your tentacles to constrict eight enemies at once.
Your skin changes colour to match your surroundings (Stealth).
Your rubbery body absorbs attacks (AC +1).


Message History

Something claws you!
You barely miss something. Something claws you.
You hit something. Something claws you!
You barely miss something. Something claws you!
* * * LOW HITPOINT WARNING * * *
Drink which item? (? for menu, Esc to quit)
It was a potion of brilliance.
You feel clever all of a sudden.
You hear some strange, mumbled words.
Read which item? (? for menu, Esc to quit)
As you read the scroll labeled YMUHEY PAYZXO, it crumbles to dust.
It is a scroll of enchant weapon.
Enchant which weapon? (? for menu, Esc to quit)
Your +2 dagger glows red for a moment.
Something claws you.
* * * LOW HITPOINT WARNING * * *
You hit something.
You hear some strange, mumbled words.
A magic dart appears from out of thin air!
The magic dart hits you!
You die... ### #.##### #.....# #.###.# #@# #.# #'# #.##### l@w

#.....#
..r.######.#
.....######.###
#.....##.......#
#.....##.......#
####
#.....#...†....#
#... #...†....#
#.#.


You could see Terence, a dart slug, a giant newt and a rat.

Vanquished Creatures
  Natasha (D:2)
  An adder (D:2)
  A giant gecko (D:1)
  3 giant cockroaches
  2 goblins
  3 hobgoblins (D:1)
  6 jackals (D:2)
  7 kobolds
  2 quokkas (D:2)
  2 bats (D:1)
  A giant newt (D:1)
  4 rats
33 creatures vanquished.

Notes
Turn   | Place    | Note
--------------------------------------------------------------
     0 | D:1      | Ijustatesigmund the Octopode Assassin began the quest for the Orb.
     0 | D:1      | Reached XP level 1. HP: 14/14 MP: 1/1
    98 | D:1      | Reached XP level 2. HP: 20/20 MP: 2/2
   731 | D:2      | Noticed Natasha
   733 | D:2      | Killed Natasha
   733 | D:2      | Reached XP level 3. HP: 26/26 MP: 3/3
   865 | D:2      | Reached XP level 4. HP: 31/31 MP: 4/4
  1052 | D:2      | Noticed Natasha
  1054 | D:2      | Noticed Terence
  1060 | D:2      | Killed from afar by Natasha

Vault maps used:
D:1:      lightli_arrival_chessboard, minmay_misc_feat_pillars
D:2:      uniq_natasha, uniq_terence

Skill      XL: |  1  2  3 |
---------------+----------+-----
Fighting       | 3 |  3.5
Short Blades   | 3 |  3.2
Throwing       | |  2.0
Dodging        | |  1.0
Stealth        | |  5.3

Action                   |  1- 3 |  4- 6 || total
-------------------------+-------+-------++-------
Melee: Dagger            |    31 |    23 ||    54
  Use: Scroll            |     4 |     1 ||     5
       Potion            |       |     1 ||     1
 Stab: Sleeping          |    15 |     1 ||    16
